 Dungeon Crawl Stone Soup version 0.18.1-8-gdd0e5ea (webtiles) character file.

5856 nikopol the Cruncher (level 10, -1/91 HPs)
             Began as a Minotaur Berserker on May 23, 2016.
             Was a High Priest of Trog.
             Succumbed to a killer bee's poison
             ... on level 9 of the Dungeon.
             The game lasted 00:25:13 (8548 turns).

nikopol the Cruncher (Minotaur Berserker)           Turns: 8548, Time: 00:25:14

Health: -1/91      AC:  6    Str: 22    XL:     10   Next: 52%
Magic:  9/9        EV: 15    Int:  4    God:    Trog [*****.]
Gold:   329        SH:  0    Dex: 13    Spells: 0 memorised, 9 levels left

rFire  + . .     SeeInvis .     R - +4 trident
rCold  . . .     Gourm    +     e - +0 ring mail
rNeg   . . .     Faith    .     (no shield)
rPois  .         Spirit   .     (helmet restricted)
rElec  .         Dismiss  .     (no cloak)
rCorr  .         Reflect  .     (no gloves)
SustAt .         Harm     .     (no boots)
MR     .....                    A - amulet of the gourmand
Stlth  +.........               (no ring)
                                o - ring of protection from fire

@: lethally poisoned (-1 -> -13), exhausted, slowed, very slow, not resistant to
hostile enchantments, very unstealthy
A: retaliatory headbutt, horns 2
a: Berserk, Trog's Hand, Brothers in Arms, Burn Spellbooks, Renounce Religion


You were on level 9 of the Dungeon.
You worshipped Trog.
Trog was extremely pleased with you.
You were very full.

You visited 1 branch of the dungeon, and saw 9 of its levels.

You collected 329 gold pieces.

Inventory:

Hand Weapons
 a - a +0 spear
 l - a +0 trident of protection
 t - a +0 lajatang
 M - a +4 arbalest of flaming
 Q - a +0 halberd of flaming
 R - a +4 trident (weapon)
Missiles
 O - 27 bolts
Armour
 b - a +0 animal skin
 e - a +0 ring mail (worn)
Jewellery
 o - a ring of protection from fire (left hand)
 z - a +4 amulet of reflection
 A - an amulet of the gourmand (around neck)
Wands
 r - a wand of digging (15/24)
 y - a wand of flame (11/48)
 E - a wand of paralysis (13/24)
 F - a wand of disintegration (15/24)
 H - a wand of digging (7/24)
 L - a wand of lightning (10/15)
Scrolls
 d - 7 scrolls of identify {unknown}
 f - 3 scrolls of remove curse {unknown}
 j - 4 scrolls of amnesia {unknown}
 k - 2 scrolls of immolation {unknown}
 n - a scroll of enchant weapon {unknown}
 s - 3 scrolls of teleportation {unknown}
 u - 2 scrolls of noise {unknown}
 w - 2 scrolls of fear {unknown}
 x - a scroll of holy word {unknown}
 J - 2 scrolls of random uselessness {unknown}
 N - a scroll of blinking {unknown}
Potions
 g - 4 potions of agility {unknown}
 h - 3 potions of heal wounds {unknown}
 i - 4 potions of curing {unknown}
 m - 3 potions of haste {unknown}
 v - 2 potions of cancellation {unknown}
 B - 2 potions of mutation {unknown}
 D - a potion of invisibility {unknown}
 G - 2 potions of flight {unknown}
 I - a potion of lignification {unknown}
 K - 2 potions of might {unknown}
Books
 C - a book of Alchemy

   Spells                             Type                      Level
   a - Sublimation of Blood           Necromancy                   2
   b - Ignite Poison                  Fire/Transmutation/Poison    3
   c - Petrify                        Transmutation/Earth          4
   d - Alistair's Intoxication        Transmutation/Poison         5
   e - Irradiate                      Conjuration/Transmutation    5
   Trog disapproves of the use of such an item.
Comestibles
 c - 6 bread rations
 p - 9 fruits
 q - a meat ration


   Skills:
 + Level 9.5 Fighting
 * Level 5.9(9.0) Polearms
 - Level 10.5(11.1) Staves
 + Level 2.1 Crossbows
 + Level 8.5 Armour
 + Level 8.2 Dodging


You had 9 spell levels left.
You didn't know any spells.

Dungeon Overview and Level Annotations

Branches:
Dungeon (9/15)             Temple (0/1) D:7            Lair (0/8) D:9
    Orc: D:9-12

Altars:
Cheibriados
Elyvilon
Makhleb
Nemelex Xobeh
Okawaru
Ru
Vehumet
Zin
Jiyva

Shops:
D:4 ?


Innate Abilities, Weirdness & Mutations

You reflexively headbutt those who attack you in melee.
You have a pair of horns on your head.


Message History

* * * LOW HITPOINT WARNING * * *
You feel very sick. The killer bee barely misses you.
The killer bee closely misses you. You furiously retaliate!
You headbutt the killer bee!
You kill the killer bee!
Trog accepts your kill.
* * * LOW HITPOINT WARNING * * *
You feel very sick. The killer bee barely misses you.
* * * LOW HITPOINT WARNING * * *
You feel very sick. The killer bee barely misses you.
The killer bee misses you.
* * * LOW HITPOINT WARNING * * *
You feel sick. The killer bee closely misses you. x2
* * * LOW HITPOINT WARNING * * *
You feel very sick. The killer bee stings you.
* * * LOW HITPOINT WARNING * * *
The killer bee stings you but does no damage.
You die...

#....#.#....# #..####
###..#.#....####>...#
#####........#.#### #####
##....##.#.# #...#
#######.#[####### #...#%
#.........# #...#y%
#.........#
#...###.##########.........#
#..(#...†yyyyy.@...........#
#...###############........#
#..........................#
#...###############........#
##)#.......# ##########
#.#..#.##.# #.#..#..#.#
#.#.<#.##.# #)#..#....#


You could see 5 killer bees.

Vanquished Creatures
  Pikel (D:4)
  The ghost of vonhedlund the Destroyer, a novice HECj (D:7)
  Psyche (D:8)
  A queen bee (D:9)
  Prince Ribbit (D:6)
  A yak (D:9)
  A hungry ghost (D:7)
  A hippogriff (D:8)
  Edmund (D:6)
  Duvessa (D:4)
  Purgy (D:4)
  An orc warrior (D:9)
  4 black bears
  A sky beast (D:7)
  2 slaves (D:4)
  An ice beast (D:5)
  2 ogres
  A crocodile (D:9)
  3 giant frogs (D:6)
  A gnoll sergeant (D:8)
  Dowan (D:4)
  A wyvern skeleton (D:7)
  17 killer bees (D:9)
  A scorpion (D:9)
  5 wights (D:9)
  A giant frog zombie (D:7)
  2 howler monkeys
  5 crimson imps
  6 jellies
  2 centaur skeletons
  2 hounds (D:4)
  7 orc wizards
  A giant frog skeleton (D:5)
  Terence (D:2)
  2 iguanas
  2 worker ants (D:4)
  A killer bee zombie (D:8)
  2 hound skeletons
  A howler monkey zombie (D:6)
  2 worker ant zombies
  4 gnolls (D:8)
  2 howler monkey skeletons
  9 adders
  3 river rats (D:9)
  2 shadow imps
  An ooze (D:6)
  3 worms
  A dart slug (D:1)
  A giant gecko (D:1)
  22 orcs
  A ball python (D:1)
  9 giant cockroaches
  6 hobgoblins
  4 jackals (D:1)
  9 kobolds
  2 quokkas
  11 bats
  A giant gecko skeleton (D:7)
  A giant gecko zombie (D:5)
  4 giant newts
  11 goblins
  2 quokka skeletons
  23 rats
221 creatures vanquished.

Vanquished Creatures (others)
  Eustachio (D:5)
  A giant frog skeleton (D:4)
  An adder skeleton (D:4)
3 creatures vanquished.

Grand Total: 224 creatures vanquished

Notes
Turn   | Place    | Note
--------------------------------------------------------------
     0 | D:1      | nikopol the Minotaur Berserker began the quest for the Orb.
     0 | D:1      | Reached XP level 1. HP: 19/19 MP: 0/0
   152 | D:1      | Reached XP level 2. HP: 24/27 MP: 1/1
   463 | D:1      | Reached XP level 3. HP: 25/33 MP: 2/2
   572 | D:1      | Reached ** piety under Trog
  1130 | D:2      | Noticed Terence
  1135 | D:2      | Killed Terence
  1175 | D:2      | Reached XP level 4. HP: 41/41 MP: 3/3
  2285 | D:3      | Found a sacrificial altar of Ru.
  2457 | D:3      | Reached skill level 5 in Polearms
  2457 | D:3      | Reached XP level 5. HP: 39/47 MP: 4/4
  2594 | D:4      | Noticed an ogre
  2606 | D:4      | Killed an ogre
  2606 | D:4      | Reached skill level 5 in Fighting
  2775 | D:4      | Reached XP level 6. HP: 56/56 MP: 5/5
  2824 | D:4      | Reached *** piety under Trog
  2830 | D:4      | Reached skill level 1 in Staves
  2887 | D:4      | Found Huink's Magic Scroll Boutique.
  2939 | D:4      | Noticed a slave
  2939 | D:4      | Noticed a slave
  2939 | D:4      | Noticed a slave
  2939 | D:4      | Noticed a slave
  2940 | D:4      | Noticed Pikel
  2943 | D:4      | Killed a slave
  2947 | D:4      | Killed a slave
  2956 | D:4      | Killed Pikel
  2956 | D:4      | Reached skill level 4 in Staves
  2956 | D:4      | Reached skill level 5 in Armour
  2956 | D:4      | Reached XP level 7. HP: 46/63 MP: 6/6
  3162 | D:4      | Noticed Dowan
  3173 | D:4      | Killed Dowan
  3181 | D:4      | Noticed Duvessa
  3189 | D:4      | Killed Duvessa
  3189 | D:4      | Reached skill level 5 in Dodging
  3379 | D:4      | Noticed Purgy
  3396 | D:4      | Killed Purgy
  3396 | D:4      | Reached skill level 5 in Staves
  3396 | D:4      | Reached XP level 8. HP: 44/71 MP: 7/7
  3850 | D:5      | Entered Level 5 of the Dungeon
  3883 | D:5      | Reached skill level 6 in Staves
  3940 | D:5      | Noticed Eustachio
  3977 | D:5      | Killed Eustachio
  4645 | D:6      | Reached skill level 7 in Staves
  4675 | D:6      | Found a white marble altar of Elyvilon.
  4881 | D:6      | Noticed Edmund
  4889 | D:6      | Killed Edmund
  4889 | D:6      | Reached XP level 9. HP: 79/79 MP: 8/8
  4980 | D:6      | Reached **** piety under Trog
  5280 | D:6      | Noticed Prince Ribbit
  5288 | D:6      | Killed Prince Ribbit
  5288 | D:6      | Reached skill level 8 in Staves
  5806 | D:7      | Noticed vonhedlund's ghost (novice HECj)
  5817 | D:7      | Killed vonhedlund's ghost
  5817 | D:7      | Reached skill level 9 in Staves
  6134 | D:7      | Found a sacrificial altar of Ru.
  6205 | D:7      | Found a staircase to the Ecumenical Temple.
  6413 | D:8      | Found a viscous altar of Jiyva.
  6882 | D:8      | Found a burning altar of Makhleb.
  6882 | D:8      | Found a sparkling altar of Nemelex Xobeh.
  6882 | D:8      | Found an iron altar of Okawaru.
  6882 | D:8      | Found a glowing silver altar of Zin.
  6884 | D:8      | Noticed Psyche
  6893 | D:8      | Killed Psyche
  6893 | D:8      | Reached XP level 10. HP: 87/90 MP: 9/9
  7053 | D:8      | Found a radiant altar of Vehumet.
  7055 | D:8      | Found a snail-covered altar of Cheibriados.
  7136 | D:9      | Reached skill level 10 in Staves
  7280 | D:9      | Reached ***** piety under Trog
  7657 | D:9      | Found a staircase to the Lair.
  7932 | D:9      | Received a gift from Trog
  8501 | D:9      | Reached skill level 1 in Crossbows
  8547 | D:9      | HP: 4/91 [poisoned by a killer bee]
  8547 | D:9      | HP: 1/91 [killer bee (3)]
  8548 | D:9      | Succumbed to a killer bee's poison

Skill      XL: |  1  2  3  4  5  6  7  8  9 10 |
---------------+-------------------------------+-----
Fighting       | 4 5 6 7 8 9 |  9.5
Polearms       | 4 5 |  5.9
Armour         | 3 4 5 6 8 |  8.5
Dodging        | 3 4 5 6 7 8 |  8.2
Staves         | 4 5 7 9 10 | 10.5
Crossbows      | 2 |  2.1

Action                   |  1- 3 |  4- 6 |  7- 9 | 10-12 || total
-------------------------+-------+-------+-------+-------++-------
Melee: Spear             |    65 |   139 |       |       ||   204
       Headbutt          |     9 |    24 |    54 |    34 ||   121
       Lajatang          |       |    34 |   228 |   116 ||   378
       Trident           |       |       |       |    50 ||    50
 Fire: Arbalest          |       |       |       |     2 ||     2
Invok: Berserk           |     1 |     3 |     7 |     2 ||    13
       Trog's Hand       |       |       |     1 |       ||     1
 Stab: Sleeping          |     1 |       |       |       ||     1
  Eat: Chunk             |       |    10 |    20 |    21 ||    51
       Beef jerky        |       |       |     2 |       ||     2
       Pizza             |       |       |     1 |       ||     1
       Meat ration       |       |       |       |     1 ||     1
Armor: Animal skin       |     5 |       |       |       ||     5
       Ring mail         |    10 |    36 |    85 |    44 ||   175
Dodge: Dodged            |    28 |    78 |   158 |   136 ||   400
Block: Other             |       |       |       |     6 ||     6
